 Dungeon Crawl Stone Soup version 0.29.0-7-g18a832c13a (webtiles) character file.

Game seed: 94419191250725891

289007 greasedhog the Metallomancer (level 20, -29/129 HPs)
             Began as a Gargoyle Earth Elementalist on Aug 31, 2022.
             Was the Champion of Vehumet.
             Blown up by Boris (92 damage)
             ... with an orb of destruction
             ... on level 3 of the Vaults on Sept 1, 2022.
             The game lasted 02:07:31 (49430 turns).

greasedhog the Metallomancer (GrEE)                Turns: 49430, Time: 02:07:32

Health: -29/129    AC: 35    Str: 15    XL:     20   Next: 71%
Magic:  31/34      EV: 13    Int: 27    God:    Vehumet [******]
Gold:   2088       SH:  9    Dex: 18    Spells: 2/39 levels left

rFire   + . .      SeeInvis +   h - staff of earth
rCold   + . .      Faith    .   o - +3 warlock's mirror {reflect}
rNeg    + . .      Spirit   .   K - +0 acid dragon scales
rPois   ∞          Reflect  +   J - +2 hat {SInv}
rElec   +          Harm     .   D - +1 cloak {rPois}
rCorr   +          Rampage  .   Z - +2 pair of gloves {Stlth+}
Will    ++...                   i - +2 pair of boots of the Fiend {Str+2 Dex+3}
Stlth   ++++......              G - amulet of regeneration
HPRegen 1.11/turn               y - ring of Beavuefif {rC+ Dex+6}
MPRegen 0.24/turn               P - ring of protection from fire

@: liquefying, flying, studying Ranged Weapons, slowed movement, very slow
A: sickness immunity, AC +15, big wings, negative energy resistance 1,
electricity resistance, torment resistance 1, petrification resistance, clever
1, strong-willed 1
}: 2/15 runes: decaying, gossamer
a: Renounce Religion


You were on level 3 of the Vaults.
You worshipped Vehumet.
Vehumet was exalted by your worship.
You visited 7 branches of the dungeon, and saw 34 of its levels.
You also visited: Ossuary and Ice Cave.

You collected 4123 gold pieces.
You spent 2035 gold pieces at shops.

Inventory:

Missiles
 f - a throwing net
Armour
 i - the +2 pair of boots of the Fiend (worn) {Str+2 Dex+3}
   (You found it on level 11 of the Dungeon)

   Str:       It affects your strength (+2).
   Dex:       It affects your dexterity (+3).
 o - the +3 warlock's mirror (worn) {reflect}
   (You acquired it on level 7 of the Dungeon)

   It can block and reflect piercing ranged attacks and magical attacks against
   the wielder's willpower.
 w - a +2 robe of willpower
 D - a +1 cloak of poison resistance (worn)
 J - a +2 hat of see invisible (worn)
 K - +0 acid dragon scales (worn)
 Z - a +2 pair of gloves of stealth (worn)
Magical Staves
 h - a staff of earth (weapon)
Jewellery
 e - a ring of ice
 j - a ring of protection from cold
 y - the ring of Beavuefif (left hand) {rC+ Dex+6}
   (You acquired it on level 7 of the Dungeon)

   [ring of protection from cold]

   Dex:       It affects your dexterity (+6).
   rC:        It protects you from cold.
 G - an amulet of regeneration (around neck)
 H - a ring of wizardry
 P - a ring of protection from fire (right hand)
 S - a ring of willpower
 T - a ring of ice
 W - a +4 ring of evasion
 X - an amulet of reflection
Wands
 c - a wand of quicksilver (14)
 p - a wand of flame (37)
 s - a wand of roots (9)
 u - a wand of paralysis (12)
 O - a wand of digging (20)
 Q - a wand of mindburst (17)
 V - a wand of polymorph (8)
Scrolls
 a - 2 scrolls of immolation
 b - 4 scrolls of poison
 g - 6 scrolls of enchant weapon
 k - 2 scrolls of torment
 q - 7 scrolls of teleportation
 v - a scroll of silence
 z - 7 scrolls of magic mapping
 F - 4 scrolls of butterflies
 I - 3 scrolls of vulnerability
 L - 3 scrolls of enchant armour
 M - 2 scrolls of amnesia
Potions
 d - 3 potions of haste
 l - 8 potions of attraction
 m - 6 potions of brilliance
 n - 4 potions of might
 r - 10 potions of cancellation
 t - 4 potions of lignification
 A - 2 potions of magic
 B - 2 potions of heal wounds
 C - 5 potions of mutation
 E - 9 potions of curing
 N - 2 potions of resistance
 R - 4 potions of ambrosia
 Y - a potion of invisibility
Miscellaneous
 U - a lightning rod (4/4)


   Skills:
 - Level 15.0 Fighting
 - Level 12.1 Staves
 - Level 10.0 Armour
 - Level 5.0 Dodging
 - Level 6.6 Stealth
 - Level 5.0 Shields
 - Level 10.3 Spellcasting
 * Level 16.1 Conjurations
 - Level 5.0 Hexes
 - Level 5.0 Transmutations
 * Level 25.1 Earth Magic
 * Level 6.8 Evocations


You had 2 spell levels left.
You knew the following spells:

 Your Spells              Type           Power      Damage    Failure   Level
a - Sandblast             Erth           100%       2d20      0%          1
b - Iron Shot             Conj/Erth      56%        9d11      1%          6
c - Shatter               Erth           61%        3d45*     6%          9
d - Petrify               Tmut/Erth      97%        N/A       1%          4
e - Lehudib's Crystal Sp  Conj/Erth      56%        10d13     2%          8
f - Leda's Liquefaction   Hex/Erth       48%        N/A       1%          4
g - Irradiate             Conj/Tmut      31%        3d22      1%          5

Your spell library contained the following spells:

 Spells                   Type           Power      Damage    Failure   Level
 Fire Storm               Conj/Fire      27%        8d7       100%        9
 Foxfire                  Conj/Fire      100%       2x1d9     1%          1
 Slow                     Hex            100%       N/A       1%          1
 Passwall                 Tmut/Erth      80%        N/A       1%          2
 Apportation              Tloc           26%        N/A       7%          1
 Necrotise                Necr           52%        1d6       7%          1
 Stone Arrow              Conj/Erth      100%       3d13      0%          3
 Lee's Rapid Deconstruct  Erth           61%        3d29*     0%          5
 Conjure Flame            Conj/Fire      55%        6-21      1%          3
 Animate Armour           Summ/Erth      100%       N/A       1%          4
 Flame Wave               Conj/Fire      55%        2d13      1%          4
 Hailstorm                Conj/Ice       55%        3d12      1%          4
 Fireball                 Conj/Fire      27%        3d12      1%          5
 Confusing Touch          Hex            40%        N/A       2%          3
 Inner Flame              Hex/Fire       27%        N/A       2%          3
 Tukima's Dance           Hex            40%        N/A       2%          3
 Freezing Cloud           Conj/Ice/Air   21%        6-21      6%          5
 Yara's Violent Unravell  Hex/Tmut       20%        3d9       7%          5
 Portal Projectile        Hex/Tloc       54%        N/A       8%          3
 Cause Fear               Hex            20%        N/A       9%          4
 Starburst                Conj/Fire      27%        6d9       11%         6
 Call Canine Familiar     Summ           13%        N/A       21%         3
 Gell's Gravitas          Tloc           13%        N/A       21%         3
 Lesser Beckoning         Tloc           13%        N/A       21%         3
 Teleport Other           Tloc           13%        N/A       21%         3
 Vampiric Draining        Necr           13%        2d6       21%         3
 Ice Form                 Ice/Tmut       27%        N/A       24%         4
 Passage of Golubria      Tloc           13%        N/A       56%         4
 Summon Lightning Spire   Summ/Air       13%        N/A       56%         4
 Alistair's Intoxication  Tmut/Pois      18%        N/A       56%         5
 Silence                  Hex/Air        13%        N/A       56%         5
 Agony                    Necr           13%        N/A       88%         5
 Dispersal                Tloc           6%         N/A       100%        6
 Simulacrum               Ice/Necr       6%         N/A       100%        6
 Storm Form               Tmut/Air       13%        N/A       100%        7
 Ignition                 Fire           6%         3d4       100%        8
 Maxwell's Capacitive Co  Air            6%         ∞         100%        8
 Polar Vortex             Ice            6%         N/A       100%        9


Dungeon Overview and Level Annotations

Branches:
Dungeon (15/15)            Temple (1/1) D:7            Lair (5/5) D:8
  Swamp (4/4) Lair:3       Spider (4/4) Lair:3        Slime (0/5) Lair:4
    Orc (2/2) D:10            Elf (0/3) Orc:2        Vaults (3/5) D:14
  Crypt (0/3) Vaults:2     Depths (0/4) D:15        Ossuary (visited)
  IceCv (visited)

Altars:
Cheibriados
Dithmenos
Elyvilon
Fedhas
Gozag
Hepliaklqana
Kikubaaqudgha
Makhleb
Nemelex Xobeh
Okawaru
Qazlal
Ru
Sif Muna
Trog
Uskayaw
Vehumet
Wu Jian
Xom
Yredelemnul
Zin
The Shining One

Shops:
D:5 ?   D:6 =*=:?   D:7 ?([   D:14 !((?   Orc:2 :   Vaults:1 [

Annotations:
Vaults:3 Boris


Innate Abilities, Weirdness & Mutations

You are immune to sickness and miasma.
Your stone body is resilient. (AC +15)
You are immune to poison.
Your large and strong wings let you fly.
You resist negative energy. (rN+)
You are resistant to electric shocks. (rElec)
You are resistant to unholy torment.
You are immune to petrification.
Your mind is acute. (Int +4, Str/Dex -1)
You are strong-willed. (Will+)


Message History

A glowing orange brain comes into view.
Things that are here:
a +0 dagger; a +0 robe; a human corpse
Casting: Iron Shot (safe; 1% risk of failure)
Confirm with . or Enter, or press ? or * to list all spells.
Aiming: Iron Shot (safe; 1% risk of failure)
Press: ? - help, Shift-Dir - straight line, f - glowing orange brain
Aim: a glowing orange brain (wandering, hasn't noticed you, 95% to hit)
You feel a surge of power!
The iron shot hits the glowing orange brain!!!
You kill the glowing orange brain!
Vehumet accepts your kill.
You feel your power returning.
Magic restored.
Boris, Master of Life and Death comes into view.
He is wearing a +0 robe of cold resistance.
Boris shouts!
Boris launches a ball of destructive magic.
An orb of destruction comes into view.
Casting: Iron Shot (safe; 1% risk of failure)
Confirm with . or Enter, or press ? or * to list all spells.
You feel a surge of power!
The ground around you becomes liquefied!
Boris mumbles some strange words.
Boris flickers and vanishes for a moment.
Casting: Leda's Liquefaction (safe; 1% risk of failure)
Confirm with . or Enter, or press ? or * to list all spells.
You can't see any susceptible monsters within range! (Use Z to cast anyway.) Boris conjures an orb of pure magic.
An orb of destruction comes into view.
Casting: Leda's Liquefaction (safe; 1% risk of failure)
Confirm with . or Enter, or press ? or * to list all spells.
You can't see any susceptible monsters within range! (Use Z to cast anyway.)
The orb of destruction hits you!!!!
Ouch! That really hurt!
* * * LOW HITPOINT WARNING * * *
A vault warden comes into view. It is wielding a +0 battleaxe.
Okay, then.
You feel much better. The orb of destruction hits you!!!!
Ouch! That really hurt!
You die...

#####.##.#
#.......#
#....)..#
#.......#
##...<...#
#.....)..##
##.....#..#
#.......##
###@.##.########
#..○............
#..°............
#..°############
#..○# #.°L#
#.°.# #..p#
#...'


You could see Boris (invisible, struggling) and a vault warden.

Vanquished Creatures
  Saint Roka (Orc:2)
  Zenata (Vaults:1)
  Rupert (Spider:1)
  Mlioglotl (Spider:3)
  Asterion (Vaults:2)
  A sphinx (Vaults:1)
  Gastronok (Orc:1)
  Donald (Orc:1)
  Kirke (Swamp:1)
  2 thorn hunters (Swamp:4)
  A tengu reaver (Vaults:2)
  A fenstrider witch (Swamp:3)
  3 orc warlords (Vaults:1)
  6 emperor scorpions
  A frost giant (Vaults:1)
  9 vault wardens
  4 ghost moths
  Louise (Swamp:2)
  7 ironbound preservers
  2 very ugly things (Vaults:2)
  3 war gargoyles
  A reaper (IceCv)
  4 ironbound thunderhulks
  3 broodmothers (Spider:3)
  3 dire elephants (Vaults:1)
  7 entropy weavers
  Azrael (D:12)
  7 eleionomae
  2 bunyips (Swamp:2)
  4 spark wasps
  3 ettins
  A crystal guardian (Vaults:2)
  Snorg (D:12)
  A jiangshi (Vaults:2)
  A fire dragon (Lair:5)
  Josephine (Orc:1)
  A deep elf high priest (Vaults:1)
  3 yaktaur captains
  2 great orbs of eyes
  Fannar (Lair:2)
  Harold (Orc:1)
  8 boulder beetles
  3 jorogumos (Spider:4)
  3 shambling mangroves
  28 hydras
  2 peacekeepers
  10 vault guards
  Erolcha (Orc:2)
  A radroach (Spider:1)
  A ghost crab (Swamp:2)
  2 ogre magi
  5 centaur warriors
  12 ironbound frosthearts
  3 two-headed ogres
  2 tengu warriors (D:15)
  Erica (D:10)
  12 alligators
  Urug (Lair:3)
  5 death yaks
  2 vampire magi (Vaults:2)
  A hell knight (D:15)
  An orc high priest (Orc:2)
  A shadow wraith (Vaults:1)
  7 skeletal warriors
  3 sun moths (Spider:4)
  6 goliath frogs
  Lodul (D:10)
  12 orb spiders
  5 spriggan druids
  8 pharaoh ants
  6 bog bodies
  16 ironbound convokers
  16 swamp dragons
  8 deep trolls
  5 wizards
  8 steelbarb worms
  A phantasmal warrior (Vaults:2)
  2 glowing orange brains
  Pikel (D:4)
  13 lindwurms
  2 necromancers
  14 orc knights
  A deep elf pyromancer (D:12)
  4 harpies
  3 orc sorcerers
  3 cyclopes
  19 ugly things
  3 will-o-the-wisps
  19 wolf spiders
  3 moths of wrath
  A frost giant zombie (Vaults:3)
  3 manticores
  12 black mambas
  2 human skeletons (Vaults:2)
  6 torpor snails
  A guardian serpent (shapeshifter) (D:15)
  2 molten gargoyles (Lair:5)
  2 ice statues (IceCv)
  6 vault sentinels
  12 cane toads
  Maggie (D:10)
  7 demonic crawlers
  A gargoyle (D:14)
  3 rime drakes
  An unseen horror (D:10)
  13 komodo dragons
  A kobold demonologist (D:12)
  A rime drake (shapeshifter) (D:14)
  An efreet (D:14)
  An anaconda simulacrum (IceCv)
  10 yaktaurs
  A freezing wraith (Vaults:2)
  A tengu conjurer (D:14)
  7 ice devils (IceCv)
  3 meliai (Spider:3)
  A bloated husk (Swamp:2)
  4 polar bears
  7 trolls
  25 tarantellas
  10 hornets
  6 dream sheep (Lair:3)
  A tarantella (shapeshifter) (D:13)
  10 tyrant leeches
  29 jumping spiders
  30 slime creatures
  Sigmund (D:5)
  10 spriggans
  27 culicivoras
  3 elf skeletons
  A vampire (D:14)
  A shadow (D:11)
  2 dire elephant simulacra (IceCv)
  55 redbacks
  2 wyverns
  7 hogs (Swamp:1)
  25 vampire mosquitoes
  2 humans (D:14)
  5 wraiths
  58 yaks
  9 basilisks
  4 fire elementals (D:12)
  4 steam dragons
  A yaktaur simulacrum (Vaults:3)
  2 death yak simulacra (IceCv)
  Menkaure (Ossuary)
  3 wargs
  19 swamp worms
  15 water moccasins
  4 acid dragons
  5 hell hounds (Lair:5)
  5 swamp drakes (Swamp:4)
  31 orc warriors
  4 ice beasts
  A sky beast (D:7)
  13 ogres
  3 boggarts (Vaults:2)
  9 centaurs
  A phantom (D:7)
  4 kobold brigands
  15 bullfrogs
  3 two-headed ogre simulacra (IceCv)
  2 scorpions
  A necrophage (D:7)
  A gnoll sergeant (D:9)
  13 wights
  A troll zombie (Ossuary)
  10 killer bees
  An elephant simulacrum (IceCv)
  3 howler monkeys
  2 electric eels
  3 centaur zombies (Ossuary)
  2 hounds (D:7)
  5 lava snakes (Lair:5)
  3 quasits (D:8)
  19 orc priests
  2 jellies
  A gnoll bouda (D:4)
  5 iguanas
  19 orc wizards
  2 polar bear simulacra (IceCv)
  A troll simulacrum (IceCv)
  A spriggan simulacrum (IceCv)
  A wolf simulacrum (IceCv)
  An ogre zombie (Ossuary)
  6 mummies (Ossuary)
  A howler monkey skeleton (D:3)
  12 adders
  15 gnolls
  2 naga simulacra (IceCv)
  A river rat (D:10)
  2 shadow imps
  4 white imps
  12 ufetubi
  A worm (D:2)
  An adder skeleton (D:3)
  3 adder zombies
  94 orcs
  5 endoplasms
  A giant cockroach (D:1)
  3 gnoll zombies (Ossuary)
  7 goblins (D:1)
  11 hobgoblins
  4 quokkas
  8 ball pythons
  8 bats
  2 frilled lizards
  2 goblin zombies (Ossuary)
  5 hobgoblin zombies (Ossuary)
  21 kobolds
  2 kobold zombies (Ossuary)
  A quokka skeleton (D:3)
  4 quokka zombies (Ossuary)
  4 rats
  7 rat zombies (Ossuary)
1316 creatures vanquished.

Vanquished Creatures (others)
  4 bloated husks
  A tyrant leech (Swamp:1)
  A swamp worm (Swamp:2)
  An orc priest (Orc:2)
  6 foxfires
  20 fungi
  18 plants
51 creatures vanquished.

Grand Total: 1367 creatures vanquished

Notes
Turn   | Place    | Note
-------+----------+-------------------------------------------
     0 | D:1      | greasedhog the Gargoyle Earth Elementalist began the quest
                  | for the Orb.
     0 | D:1      | Reached XP level 1. HP: 10/10 MP: 3/3
   336 | D:1      | Reached XP level 2. HP: 15/15 MP: 3/5
   339 | D:1      | Learned a level 2 spell: Passwall
   365 | D:1      | Reached skill level 4 in Earth Magic
  1047 | D:1      | Found a faded altar of an unknown god.
  1082 | D:1      | Reached XP level 3. HP: 19/19 MP: 4/6
  1728 | D:2      | Learned a level 3 spell: Stone Arrow
  1901 | D:2      | Found a shimmering altar of Xom.
  2494 | D:3      | Found a hide-covered altar of Uskayaw.
  2509 | D:3      | Reached XP level 4. HP: 24/24 MP: 6/8
  2675 | D:3      | Found a bloodstained altar of Trog.
  2677 | D:3      | Reached skill level 5 in Earth Magic
  3208 | D:3      | Found a hazy altar of Hepliaklqana.
  3261 | D:3      | Reached XP level 5. HP: 28/28 MP: 8/10
  3532 | D:4      | Reached skill level 6 in Earth Magic
  3534 | D:4      | Reached XP level 6. HP: 18/32 MP: 3/12
  3638 | D:4      | Learned a level 4 spell: Petrify
  4153 | D:4      | Found a burning altar of Makhleb.
  4203 | D:4      | Noticed Pikel
  4216 | D:4      | Killed Pikel
  4217 | D:4      | Reached skill level 8 in Earth Magic
  4217 | D:4      | Reached XP level 7. HP: 17/36 MP: 8/16
  4217 | D:4      | Reached XP level 8. HP: 19/41 MP: 8/17
  4580 | D:5      | Entered Level 5 of the Dungeon
  4590 | D:5      | Reached skill level 1 in Transmutations
  4603 | D:5      | Reached skill level 1 in Fighting
  4824 | D:5      | Found a sand-covered staircase.
  4833 | Ossuary  | Entered an ossuary
  5310 | Ossuary  | Noticed Menkaure
  5313 | Ossuary  | Killed Menkaure
  5314 | Ossuary  | Reached skill level 9 in Earth Magic
  5500 | D:5      | Noticed Sigmund
  5502 | D:5      | Reached XP level 9. HP: 31/52 MP: 11/18
  5508 | D:5      | Killed Sigmund
  5755 | D:5      | Reached skill level 10 in Earth Magic
  5897 | D:5      | Found a shimmering altar of Xom.
  6089 | D:5      | Reached skill level 5 in Fighting
  6294 | D:5      | Found Kosama's Magic Scroll Shop.
  6515 | D:6      | Found Foliobic's Jewellery Shop.
  6526 | D:6      | Reached skill level 1 in Staves
  6540 | D:6      | Found Guik's Jewellery Emporium.
  6894 | D:6      | Found Soshraenu's Magic Scroll Shoppe.
  6913 | D:6      | Found Omes's Book Shop.
  6994 | D:6      | Found Galewex's Assorted Antiques.
  7004 | D:6      | Bought a scroll labelled SAKUGU JAOS for 30 gold pieces
  7004 | D:6      | Bought a scroll labelled DUDIKO SETUZI for 30 gold pieces
  7004 | D:6      | Bought a scroll of identify for 60 gold pieces
  7328 | D:7      | Found Ythryak's Antique Weapon Boutique.
  7389 | D:7      | Found Zidal's Antique Armour Emporium.
  7398 | D:7      | Bought an embroidered cloak for 180 gold pieces
  7409 | D:7      | Identified 2 scrolls of acquirement
  7412 | D:7      | Acquired the +3 warlock's mirror {reflect}
  7412 | D:7      | Found the +3 warlock's mirror {reflect}
  7419 | D:7      | Acquired the ring of Beavuefif {rC+ Dex+6}
  7541 | D:7      | Found a staircase to the Ecumenical Temple.
  7544 | D:7      | Reached skill level 5 in Transmutations
  7549 | Temple   | Entered the Ecumenical Temple
  7630 | Temple   | Became a worshipper of Vehumet
  7673 | D:7      | Reached skill level 11 in Earth Magic
  7829 | D:7      | Found an opulent altar of Gozag.
  8054 | D:7      | Found Ceacefof's Magic Scroll Emporium.
  8060 | D:7      | Reached XP level 10. HP: 59/59 MP: 15/19
  8064 | D:7      | Reached skill level 1 in Armour
  8133 | D:7      | Bought a scroll of identify for 30 gold pieces
  8133 | D:7      | Bought a scroll of butterflies for 60 gold pieces
  8478 | D:8      | Reached skill level 5 in Staves
  8496 | D:8      | Reached * piety under Vehumet
  8496 | D:8      | Offered knowledge of Shock by Vehumet.
  8676 | D:8      | Found a staircase to the Lair.
  8785 | D:8      | Reached skill level 1 in Evocations
  8836 | D:8      | Reached skill level 12 in Earth Magic
  8870 | D:8      | You fall into a shaft and drop 1 floor!
  9158 | D:9      | Found an iron altar of Okawaru.
  9329 | D:9      | Reached ** piety under Vehumet
  9330 | D:9      | Offered knowledge of Poisonous Vapours by Vehumet.
  9332 | D:9      | Reached skill level 5 in Armour
  9468 | D:9      | Found a sparkling altar of Nemelex Xobeh.
  9995 | D:10     | Entered Level 10 of the Dungeon
 10013 | D:10     | Reached XP level 11. HP: 41/63 MP: 9/20
 10176 | D:10     | Noticed Erica
 10180 | D:10     | Killed Erica
 10341 | D:10     | Noticed Maggie
 10351 | D:10     | Killed Maggie
 10507 | D:10     | Reached skill level 13 in Earth Magic
 10533 | D:10     | Noticed a two-headed ogre
 10537 | D:10     | Killed a two-headed ogre
 10593 | D:10     | Noticed Lodul
 10620 | D:10     | Killed Lodul
 10629 | D:10     | Offered knowledge of Ignite Poison by Vehumet.
 10777 | D:10     | Found a staircase to the Orcish Mines.
 10828 | D:10     | Reached skill level 5 in Evocations
 11099 | Orc:1    | Entered Level 1 of the Orcish Mines
 11099 | Orc:1    | Noticed Josephine
 11103 | Orc:1    | Killed Josephine
 11162 | Orc:1    | Noticed an orc sorcerer
 11254 | Orc:1    | Killed an orc sorcerer
 11255 | Orc:1    | Reached skill level 1 in Shields
 11325 | Orc:1    | Reached *** piety under Vehumet
 11382 | Orc:1    | Noticed Gastronok
 11395 | Orc:1    | Killed Gastronok
 11396 | Orc:1    | Reached skill level 14 in Earth Magic
 11396 | Orc:1    | Reached XP level 12. HP: 42/68 MP: 10/21
 11692 | Orc:1    | Noticed Harold
 11738 | Orc:1    | Killed Harold
 11738 | Orc:1    | Offered knowledge of Mephitic Cloud by Vehumet.
 11930 | Orc:2    | Entered Level 2 of the Orcish Mines
 11937 | Orc:1    | Reached skill level 5 in Dodging
 12013 | Orc:2    | Reached **** piety under Vehumet
 12086 | Orc:2    | Noticed Erolcha
 12094 | Orc:2    | Killed Erolcha
 12094 | Orc:2    | Offered knowledge of Fulminant Prism by Vehumet.
 12281 | Orc:2    | Noticed an orc high priest
 12283 | Orc:2    | Killed an orc high priest
 12329 | Orc:2    | Found Houm's Book Shop.
 12334 | Orc:2    | Bought a book of the Moon for 600 gold pieces
 12343 | Orc:2    | Learned a level 8 spell: Lehudib's Crystal Spear
 12366 | Orc:2    | Found a staircase to the Elven Halls.
 12408 | Orc:2    | Reached skill level 5 in Shields
 12576 | Orc:2    | Noticed Saint Roka
 12760 | Orc:2    | Reached skill level 15 in Earth Magic
 12802 | Orc:2    | Reached skill level 5 in Stealth
 13063 | Orc:2    | Reached ***** piety under Vehumet
 13074 | Orc:1    | Offered knowledge of Iron Shot by Vehumet.
 13133 | Orc:1    | Learned a level 6 spell: Iron Shot
 13186 | Orc:2    | Noticed Donald
 13218 | Orc:1    | Killed Donald
 13408 | Orc:2    | HP: 3/71 [Saint Roka/divine providence (12)]
 13529 | Orc:2    | Killed Saint Roka
 13530 | Orc:2    | Reached XP level 13. HP: 74/76 MP: 16/22
 13567 | Orc:2    | Noticed an orc warlord
 13989 | Lair:1   | Entered Level 1 of the Lair of Beasts
 14003 | D:8      | Reached skill level 1 in Conjurations
 14601 | Lair:2   | Noticed Fannar
 14614 | Lair:2   | Killed Fannar
 14787 | Lair:2   | Reached skill level 16 in Earth Magic
 15206 | Lair:3   | Found a hole to the Spider Nest.
 15655 | Lair:3   | Found a staircase to the Swamp.
 15928 | Lair:3   | Offered knowledge of Iskenderun's Battlesphere by Vehumet.
 15939 | Lair:3   | Reached skill level 5 in Conjurations
 16121 | Lair:3   | Noticed Urug
 16132 | Lair:3   | Killed Urug
 16769 | Lair:4   | Reached skill level 17 in Earth Magic
 16883 | Lair:4   | Found a staircase to the Slime Pits.
 16901 | Lair:4   | Gained mutation: Your large and strong wings let you fly.
                  | [Gargoyle growth]
 16901 | Lair:4   | Reached XP level 14. HP: 87/87 MP: 15/23
 17036 | Lair:4   | Reached skill level 10 in Fighting
 17229 | Lair:4   | Learned a level 4 spell: Leda's Liquefaction
 17231 | Lair:4   | Found the +8 whip "Snakebite" {venom, curare, rPois}
 17478 | Lair:4   | Found a hide-covered altar of Uskayaw.
 17478 | Lair:4   | Found an ornate altar of the Wu Jian Council.
 18182 | Lair:4   | Acquired 383 gold pieces
 18359 | Lair:5   | Entered Level 5 of the Lair of Beasts
 19105 | Lair:5   | Reached skill level 18 in Earth Magic
 19470 | Lair:5   | Found a large runed translucent door.
 19470 | Lair:5   | Found a large runed translucent door.
 19477 | Lair:5   | Offered knowledge of Ozocubu's Refrigeration by Vehumet.
 20394 | D:7      | Bought a scroll of summoning for 142 gold pieces
 20512 | D:6      | Bought a ring of protection from fire for 375 gold pieces
 20838 | D:11     | Identified the +2 ring mail of Responsibility {rElec Str+5
                  | Int+3}
 20966 | D:11     | Identified the +9 whip of the People {spect, Fly rN+ Will+
                  | SInv}
 21211 | D:11     | Identified the +2 pair of boots of the Fiend {Str+2 Dex+3}
 21359 | D:12     | Reached XP level 15. HP: 64/96 MP: 19/27
 21518 | D:12     | Got Sif Muna's Spellbook of Baleful Conflagration
 21637 | D:12     | Noticed Snorg
 21641 | D:12     | Killed Snorg
 21782 | D:12     | Found a frozen archway.
 21784 | D:12     | Noticed Azrael
 21791 | D:12     | Killed Azrael
 21877 | IceCv    | Entered an ice cave
 22576 | IceCv    | Offered knowledge of Irradiate by Vehumet.
 22583 | IceCv    | Learned a level 5 spell: Irradiate
 22883 | IceCv    | HP: 4/97 [reaper/+2 scythe of freezing (10)]
 23680 | D:13     | Reached skill level 19 in Earth Magic
 24067 | D:13     | Gained mutation: You sometimes lose your temper in combat.
                  | [mutagenic glow]
 24773 | D:14     | Reached skill level 10 in Spellcasting
 24966 | D:14     | Found a gate to the Vaults.
 25595 | D:14     | Found Syem's Weapon Shop.
 25761 | D:14     | Found Gockyseh's Magic Scroll Shop.
 25800 | D:14     | Found Namauxap's Weapon Shop.
 25921 | D:14     | Found Susees's Distillery.
 25924 | D:14     | Bought a potion of resistance for 160 gold pieces
 25924 | D:14     | Bought a potion of curing for 48 gold pieces
 25924 | D:14     | Bought a potion of curing for 48 gold pieces
 25924 | D:14     | Bought a potion of curing for 48 gold pieces
 25924 | D:14     | Bought a potion of curing for 48 gold pieces
 25924 | D:14     | Bought a potion of curing for 48 gold pieces
 25924 | D:14     | Bought a potion of ambrosia for 128 gold pieces
 25987 | D:15     | Entered Level 15 of the Dungeon
 26186 | D:15     | Reached skill level 1 in Hexes
 26432 | D:14     | Lost mutation: You sometimes lose your temper in combat.
                  | [potion of mutation]
 26432 | D:14     | Gained mutation: Your mind is acute. (Int +4, Str/Dex -1)
                  | [potion of mutation]
 26432 | D:14     | Gained mutation: You are strong-willed. (Will+) [potion of
                  | mutation]
 26782 | D:15     | Reached XP level 16. HP: 91/105 MP: 15/30
 27245 | D:15     | Found a staircase to the Depths.
 27861 | Swamp:1  | Entered Level 1 of the Swamp
 27870 | Swamp:1  | Offered knowledge of Conjure Ball Lightning by Vehumet.
 27919 | Lair:3   | Reached skill level 20 in Earth Magic
 28865 | Swamp:1  | Noticed Kirke
 28887 | Swamp:1  | Killed Kirke
 29586 | Swamp:2  | Reached skill level 5 in Hexes
 30745 | Swamp:2  | Noticed Louise
 30758 | Swamp:2  | Killed Louise
 30911 | Swamp:2  | Reached skill level 15 in Fighting
 31271 | Swamp:3  | Reached ****** piety under Vehumet
 31894 | Swamp:3  | Noticed a fenstrider witch
 31897 | Swamp:3  | Killed a fenstrider witch
 31979 | Swamp:3  | Offered knowledge of Eringya's Noxious Bog by Vehumet.
 32484 | Swamp:4  | Entered Level 4 of the Swamp
 32499 | Swamp:4  | Reached skill level 21 in Earth Magic
 32512 | Swamp:4  | Reached XP level 17. HP: 111/113 MP: 12/31
 33241 | Swamp:4  | Identified the +8 falchion of Byuvem {speed, rElec rC+
                  | Str-2}
 34414 | Swamp:4  | Got a decaying rune of Zot
 34907 | Spider:1 | Entered Level 1 of the Spider Nest
 35089 | Spider:1 | Reached skill level 10 in Conjurations
 35090 | Spider:1 | Offered knowledge of Orb of Destruction by Vehumet.
 35552 | Spider:1 | Noticed Rupert
 35566 | Spider:1 | Killed Rupert
 35583 | Spider:1 | Reached skill level 10 in Armour
 35783 | Spider:1 | Identified the +7 hand axe "Tucwup" {elec, Dex+4}
 36047 | Spider:1 | Reached skill level 22 in Earth Magic
 36757 | Spider:1 | Reached XP level 18. HP: 119/119 MP: 11/32
 37303 | Spider:2 | Offered knowledge of Fire Storm by Vehumet.
 37303 | Spider:2 | Offered knowledge of Shatter by Vehumet.
 37303 | Spider:2 | Offered knowledge of Maxwell's Capacitive Coupling by
                  | Vehumet.
 37329 | Spider:2 | Learned a level 9 spell: Shatter
 37875 | Spider:2 | Identified the +10 quarterstaff "Ocsutis" {protect, rN+
                  | Str+3 Int+4}
 39807 | Spider:3 | Noticed Mlioglotl
 39909 | Spider:3 | Killed Mlioglotl
 41545 | Spider:4 | Entered Level 4 of the Spider Nest
 41994 | Spider:4 | Reached skill level 23 in Earth Magic
 42757 | Spider:4 | Got Eppenoics's Codex of the Rocks
 43191 | Spider:4 | Reached XP level 19. HP: 124/124 MP: 25/33
 43655 | Spider:4 | Got a gossamer rune of Zot
 44195 | Vaults:1 | Entered Level 1 of the Vaults
 44502 | Vaults:1 | Noticed Zenata
 44600 | Vaults:1 | Reached skill level 10 in Staves
 45215 | Vaults:1 | Reached skill level 24 in Earth Magic
 45218 | Vaults:1 | Killed Zenata
 46068 | Vaults:1 | Reached XP level 20. HP: 127/129 MP: 13/34
 46293 | Vaults:1 | Reached skill level 15 in Conjurations
 46729 | Vaults:1 | Found Wuhaof's Armour Boutique.
 47516 | Vaults:2 | Found a staircase to the Crypt.
 47980 | Vaults:1 | Reached skill level 25 in Earth Magic
 49135 | Vaults:2 | Noticed Asterion
 49137 | Vaults:2 | Killed Asterion
 49425 | Vaults:3 | Noticed Boris
 49430 | Vaults:3 | Blown up by Boris

Illustrated notes

Levels and vault maps discovered:
D:1:      lightli_arrival_quake, layout_basic,
          dreamdust_ecumenical_altar_sealed_demon, minmay_bisected
D:2:      layout_basic, basic_altar, amcnicky_mini_corridor_feature
D:3:      minmay_chambers_of_twos, layout_basic, mainiacjoe_overflow_catwalk,
          mainiacjoe_overflow_big_doors, serial_undead, serial_undead_f,
          serial_undead_c, serial_undead_e, serial_undead_e, serial_undead_d,
          serial_undead_d, serial_bayou_lagoon_a
D:4:      layout_rooms, lightli_temple_of_fire, serial_curves, eino_curves_03,
          eino_curves_02, uniq_pikel
D:5:      layout_basic, nicolae_overflow_hidden_temple, xom_butterflies,
          serial_shops, kennysheep_mini, enter_ossuary_1, st_stairs_5,
          uniq_sigmund
D:6:      layout_cave_pools, serial_shops, shop, nicolae_shop_crystal,
          nicolae_shop_waterfront, nicolae_lakefront_shop, shop
D:7:      layout_loops_ring, nicolae_gozag_cash_rules_everything_around_me,
          minmay_temple_entry_proselytizer, serial_shops, kennysheep_little_box,
          nicolae_shop_advertising_works [nicolae_subvault_shop_adworks],
          nicolae_square_shop
D:8:      layout_rooms, lair_entry_dummy, serial_demonic, serial_demonic_e,
          serial_demonic_a, serial_demonic_g, serial_demonic_c, serial_demonic_c
D:9:      layout_cave_pods, mainiacjoe_overflow_tiny_flanked,
          mainiacjoe_overflow_paths, minmay_misc_feat_x
D:10:     layout_basic, orc_0_dummy, pond, uniq_erica, uniq_maggie, uniq_lodul
D:11:     layout_rooms
D:12:     layout_cave_pools, portal_ice_cave_entry_pillars_2, uniq_snorg,
          uniq_azrael
D:13:     layout_gridville
D:14:     layout_irregular_city, grunt_vaults_entry_fortified, serial_shops,
          nicolae_shop_bloodbath_and_beyond, nicolae_lakefront_shop,
          nicolae_shop_statue_plus, kennysheep_mini_moat,
          hangedman_decor_riveting
D:15:     hangedman_depths_entry_civil_slaughter, layout_long_grid,
          minivault_19, nicolae_two_hexagons
Temple:   nicolae_temple_x_marks_the_god
Lair:1:   layout_cave_shapes
Lair:2:   layout_hall_layers, uniq_fannar
Lair:3:   nzn_winding_woodlands_three_and_one
          [nzn_winding_woodlands_5x15_split_checker,
          nzn_winding_woodlands_5x15_twine, nzn_winding_woodlands_5x15_parted,
          nzn_winding_woodlands_center_triple_pond], layout_gridlike,
          minmay_swamp_entry_swarm, dummy_spider_entry, st_stairs_7, uniq_urug
Lair:4:   minmay_guarded_unrand_snakebite, layout_regular_city, slime_entry_1,
          nzn_masters_of_martial_movement
Lair:5:   cheibrodos_lair_end_hotspot, layout_regular_city, lemuel_fruit_tree
Swamp:1:  layout_basic_swamp, evilmike_swamp_ruin_house_4, swamp_pool4,
          nicolae_swamp_spriggan_camp, uniq_kirke
Swamp:2:  layout_basic_swamp, evilmike_swamp_ruin_house_5, swamp_pool4,
          infiniplex_staircase_pool, uniq_louise
Swamp:3:  layout_basic_swamp, serial_swamp_ruin, evilmike_swamp_ruin_house_6,
          evilmike_swamp_ruin_house_1
Swamp:4:  swamp_basic_johnstein, layout_basic_swamp,
          nicolae_swamp_very_dense_foliage
Spider:1: layout_cave_pods, hellmonk_watch_for_rolling_rocks, uniq_rupert
Spider:2: layout_spider_delve, hangedman_spider_tarantella_strand
Spider:3: layout_spider_delve, uniq_mlioglotl
Spider:4: grunt_spider_rune_island
Orc:1:    layout_caves, uniq_harold, uniq_josephine, uniq_gastronok
Orc:2:    grunt_orc_community_town_hall, layout_caves,
          grunt_orc_community_big_house_2, grunt_orc_community_big_house_2,
          grunt_orc_community_house_1, grunt_orc_community_house_1,
          grunt_orc_community_house_2, grunt_orc_community_house_3,
          uniq_erolcha, uniq_saint_roka, uniq_donald
Vaults:1: v_rooms_1, hangedman_vaults_snaps, vaults_dpeg_diagonal,
          hangedman_vaults_restitches, dpeg_vaults_pockets_of_resistance,
          hangedman_vaults_capsules, v_misc_18, nicolae_vaults_network_square,
          ontoclasm_vaults_misaligned, ontoclasm_vaults_shuriken,
          layout_vaults_ring, serial_glass, serial_shops,
          nicolae_shop_temple_entry_statues_fountains, uniq_zenata
Vaults:2: grunt_vaults_trifunnel, nicolae_vaults_puzzle_piece,
          vaults_standard_mumra_x, minmay_crypt_entry_simple_corners, v_misc_23,
          nicolae_vaults_angled_halls, grunt_vaults_bifocal,
          vaults_room_hallway, ontoclasm_vaults_bender, v_misc_27,
          nicolae_vaults_little_squares_1, v_misc_32, hangedman_vaults_maws,
          layout_vaults_omnicross, uniq_asterion
Vaults:3: v_alt_pattern_4, v_rooms_2, vaults_mumra_minichess, v_rooms_3,
          nicolae_vaults_network_periphery, vaults_room_door_ring,
          nicolae_vaults_theta, vaults_mumra_hex, vaults_room_stairs_pillars,
          nicolae_vaults_mini_display_case, nicolae_vaults_little_squares_4,
          nicolae_vaults_little_squares_2, layout_vaults_big_room, serial_shops,
          nicolae_shop_waterfront, uniq_boris

Skill      XL: |  1  2  3  4  5  6  7  8  9 10 11 12 13 14 15 16 17 18 19 20 |
---------------+-------------------------------------------------------------+-----
Earth Magic    | 4 5 6 8 9 11 12 14 15 17 18 19 21 22 23 24 25 | 25.1
Spellcasting   | 3 4 6 8 10 | 10.3
Transmutations | 3 5 |  5.0
Fighting       | 4 5 7 9 12 13 15 | 15.0
Staves         | 3 5 9 11 12 | 12.1
Armour         | 5 6 7 10 | 10.0
Evocations     | 3 5 6 |  6.8
Dodging        | 4 5 |  5.0
Shields        | 2 5 |  5.0
Stealth        | 6 |  6.6
Conjurations   | 5 7 10 13 14 16 | 16.1
Hexes          | 2 5 |  5.0

Action                   |  1- 3 |  4- 6 |  7- 9 | 10-12 | 13-15 | 16-18 | 19-21 || total
-------------------------+-------+-------+-------+-------+-------+-------+-------++-------
Melee: Dagger            |     4 |       |       |       |       |       |       ||     4
       Staff             |     5 |     6 |     1 |    29 |    68 |   169 |   266 ||   544
 Cast: Sandblast         |    46 |    59 |   161 |   410 |   785 |   784 |   360 ||  2605
       Stone Arrow       |       |       |       |    62 |    28 |    12 |       ||   102
       Petrify           |       |       |       |     7 |     6 |       |       ||    13
       Iron Shot         |       |       |       |       |   111 |   237 |    96 ||   444
       Leda's Liquefacti |       |       |       |       |    16 |    31 |     5 ||    52
       Irradiate         |       |       |       |       |     6 |    13 |       ||    19
       Lehudib's Crystal |       |       |       |       |       |    15 |    18 ||    33
       Shatter           |       |       |       |       |       |       |    14 ||    14
Evoke: Wand              |       |       |       |    23 |    11 |    18 |       ||    52
       Lightning rod     |       |       |       |       |       |     4 |     1 ||     5
  Use: Scroll            |     6 |     1 |    10 |    11 |    10 |     6 |     6 ||    50
       Potion            |       |     2 |       |    13 |     7 |     2 |     9 ||    33
 Stab: Petrified         |       |       |       |     1 |     5 |       |       ||     6
Armor: Robe              |    14 |    15 |    45 |   102 |       |       |       ||   176
       Acid dragon scale |       |       |       |   103 |   450 |   779 |   289 ||  1621
Dodge: Dodged            |    22 |    17 |    58 |   254 |   473 |   616 |   203 ||  1643
Block: Buckler           |       |       |     4 |   168 |   383 |   482 |   157 ||  1194
       Reflection        |       |       |       |    15 |    28 |    14 |    13 ||    70
